 Dungeon Crawl Stone Soup version 0.31-a0-142-g31f6795574 (webtiles) character file.

Game seed: 8004956738887102137

208 pokeman the Magician (level 5, 0/29 HPs)
             Began as a Deep Elf Hedge Wizard on June 3, 2023.
             Slain by a +1 spectral club (10 damage)
             ... created by Ijyb
             ... on level 4 of the Dungeon.
             The game lasted 00:05:47 (3371 turns).

pokeman the Magician (Deep Elf Hedge Wizard)        Turns: 3371, Time: 00:05:49

Health: 0/29       AC:  0    Str:  7    XL:     5   Next: 55%
Magic:  7/15       EV: 13    Int: 21    God:
Gold:   66         SH:  0    Dex: 14    Spells: 3/16 levels left

rFire   . . .        k - +1 long sword (holy)
rCold   + . .        (no shield)
rNeg    . . .        b - +0 robe
rPois   .            c - +0 hat
rElec   .            (no cloak)
rCorr   .            s - +0 pair of gloves
SInv    .            f - +0 pair of boots
Will    .....        (no amulet)
Stlth   ++           p - ring of protection from cold
HPRegen 0.24/turn    (no ring)
MPRegen 0.14/turn

%: no passive effects
@: corroded, very slightly contaminated
A: no striking features
a: no special abilities


You were on level 4 of the Dungeon.
You visited 1 branch of the dungeon, and saw 4 of its levels.

You collected 150 gold pieces.
You spent 84 gold pieces at shops.

Inventory:

Hand Weapons
 k - a +1 long sword of holy wrath (weapon)
Missiles
 l - 2 throwing nets
 r - 3 curare-tipped darts
Armour
 b - a +0 robe (worn)
 c - a +0 hat (worn)
 f - a +0 pair of boots (worn)
 g - a +0 buckler
 s - a +0 pair of gloves (worn)
Jewellery
 p - a ring of protection from cold (left hand)
Wands
 w - a wand of acid (12)
Scrolls
 e - a scroll of enchant armour {unknown}
 h - 2 scrolls of teleportation {unknown}
 i - 3 scrolls of identify {unknown}
 m - 2 scrolls of silence {unknown}
 n - a scroll of magic mapping {unknown}
 o - a scroll of vulnerability {unknown}
 q - a scroll of fear {unknown}
 t - a scroll of fog {unknown}
 u - a scroll of blinking {unknown}
 x - a scroll of amnesia {unknown}
Potions
 a - a potion of haste {unknown}
 d - 2 potions of magic
 j - a potion of resistance {unknown}
 v - a potion of mutation {unknown}


   Skills:
 - Level 1.2 Fighting
 - Level 1.2 Armour
 - Level 3.0 Dodging
 + Level 2.4 Stealth
 + Level 1.0 Shields
 * Level 6.4 Spellcasting
 + Level 2.8 Conjurations
 - Level 1.1 Summonings
 - Level 1.1 Translocations


You had 3 spell levels left.
You knew the following spells:

 Your Spells              Type           Power      Damage    Failure   Level
a - Magic Dart            Conj           72%        1d6       3%          1
b - Mephitic Cloud        Conj/Pois/Air  10%        N/A       19%         3
c - Call Imp              Summ           22%        N/A       9%          2
d - Blink                 Tloc           22%        N/A       9%          2
e - Freezing Cloud        Conj/Ice/Air   5%         6-21      87%         5

Your spell library contained the following spells:

 Spells                   Type           Power      Damage    Failure   Level
 Slow                     Hex            24%        N/A       10%         1
 Cigotuvi's Dreadful Rot  Necr/Pois/Air  12%        N/A       14%         2
 Poisonous Vapours        Pois/Air       12%        N/A       14%         2
 Dazzling Flash           Conj/Hex       24%        N/A       16%         3
 Call Canine Familiar     Summ           11%        N/A       19%         3
 Portal Projectile        Hex/Tloc       18%        N/A       22%         3
 Leda's Liquefaction      Hex/Erth       3%         N/A       67%         4
 Agony                    Necr           6%         N/A       95%         5
 Silence                  Hex/Air        3%         N/A       95%         5


Dungeon Overview and Level Annotations

Branches:
Dungeon (4/15)
 Temple: D:4-7

Altars:
Xom

Shops:
D:2 *

Annotations:
D:4 Ijyb


Message History

A kobold comes into view. It is wielding a +0 whip.
Your Shields skill increases to level 1!
You slash the hobgoblin!
You kill the hobgoblin!
Unknown command.
You barely miss the kobold. The kobold barely misses you.
You barely miss the kobold. The kobold barely misses you.
The kobold hits you with a +0 whip.
You closely miss the kobold. The kobold barely misses you.
Casting: Magic Dart (safe; 3% risk of failure)
Confirm with . or Enter, or press ? or * to list all spells.
Aiming: Magic Dart (safe; 3% risk of failure)
Press: ? - help, Shift-Dir - straight line, f - kobold
Aim: a kobold, wielding a +0 whip (100% to hit)
The magic dart hits the kobold.
You kill the kobold!
Unknown command.
Casting: Magic Dart (safe; 3% risk of failure)
Confirm with . or Enter, or press ? or * to list all spells.
The spell is quite dangerous to miscast (19% risk of failure)!
Continue anyway?
Aiming: Mephitic Cloud (quite dangerous; 19% risk of failure)
Press: ? - help, Shift-Dir - straight line, f - Ijyb
Aim: Ijyb, wielding a +1 spectral club, wearing a +0 ring mail and carrying a wand of acid (11) (chance to affect: 86%)
The ball explodes into a vile cloud!
The stinking cloud engulfs Ijyb but does no damage.
You hear a shout!
Ijyb is engulfed in noxious fumes.
Unknown command.
You closely miss Ijyb. Ijyb completely misses you.
The +1 spectral club hits you.
Ijyb zaps a wand.
The bolt of acid hits you. The acid corrodes you!
A +1 spectral club comes into view.
Unknown command.
Casting: Mephitic Cloud (quite dangerous; 19% risk of failure)
Confirm with . or Enter, or press ? or * to list all spells.
You miscast Blink.
You are very lightly contaminated with residual magic.
Nothing appears to happen.
The +1 spectral club hits you. The +1 spectral club hits you!
You die...

############
+..........# #
#..........# #.
#...##....# #.
#####...##....## #.g
#@.##..........#
.##...#g(............#
....g.'°......####'###
......#°......##....##
$.....#..##...##.....#
##### #..#######>....#
#### #.....# #....## #
###'#####


You could see a +1 spectral club and Ijyb.

Vanquished Creatures
  A jelly (D:3)
  2 hounds (D:4)
  2 adders
  3 dart slugs
  9 orcs
  2 endoplasms
  2 giant cockroaches (D:2)
  8 goblins
  13 hobgoblins
  4 jackals (D:1)
  8 kobolds
  4 quokkas
  4 ball pythons (D:3)
  3 bats
  14 frilled lizards
  8 rats
87 creatures vanquished.

Notes
Turn   | Place    | Note
-------+----------+-------------------------------------------
     0 | D:1      | pokeman the Deep Elf Hedge Wizard began the quest for the
                  | Orb.
     0 | D:1      | Reached XP level 1. HP: 10/10 MP: 7/7
   242 | D:1      | Reached XP level 2. HP: 9/16 MP: 3/9
   604 | D:1      | Found a faded altar of an unknown god.
   863 | D:1      | Reached skill level 5 in Spellcasting
   877 | D:1      | Reached XP level 3. HP: 13/20 MP: 0/11
   894 | D:1      | Learned a level 3 spell: Mephitic Cloud
   897 | D:1      | Learned a level 2 spell: Call Imp
   900 | D:1      | Learned a level 2 spell: Blink
  1364 | D:2      | Reached skill level 1 in Armour
  1718 | D:2      | Reached skill level 1 in Fighting
  1916 | D:2      | Found Enneop's Assorted Antiques.
  2038 | D:3      | Reached XP level 4. HP: 25/25 MP: 4/13
  2230 | D:2      | Bought a scroll labelled AJUW RYTIN for 28 gold pieces
  2230 | D:2      | Bought a scroll labelled TUGOAWADYM for 28 gold pieces
  2230 | D:2      | Bought a scroll labelled PUNIBI ISENLUH for 28 gold pieces
  2715 | D:3      | Found a shimmering altar of Xom.
  2838 | D:3      | Reached XP level 5. HP: 29/29 MP: 13/15
  2883 | D:4      | Reached skill level 6 in Spellcasting
  3079 | D:4      | Learned a level 5 spell: Freezing Cloud
  3352 | D:4      | Noticed Ijyb
  3364 | D:4      | Reached skill level 1 in Shields
  3371 | D:4      | Slain by a +1 spectral club

Illustrated notes

Levels and vault maps discovered:
D:1:      dpeg_arrival_chambers_temple_mockup, layout_basic,
          shapermc_ecumenical_altar_mp_ritualfount, minmay_lizard_king
D:2:      layout_basic, serial_shops, shop
D:3:      layout_rooms, mainiacjoe_overflow_chevrons, st_stairs_6
D:4:      layout_gridville, minmay_temple_entry_enclosed_plants,
          dreamdust_mushroom_princess, kennysheep_generic_room_9,
          uniq_eustachio, uniq_ijyb, uniq_menkaure

Skill      XL: |  1  2  3  4  5 |
---------------+----------------+-----
Spellcasting   | 5 6 |  6.4
Armour         | 1 |  1.2
Conjurations   | 2 |  2.8
Fighting       | 1 |  1.2
Dodging        | 3 |  3.0
Shields        | 1 |  1.0
Stealth        | |  2.4
Summonings     | |  1.1
Translocations | |  1.1

Action                     |  1- 3 |  4- 6 || total
---------------------------+-------+-------++-------
  Melee: Dagger            |    39 |       ||    39
         Punch             |     1 |       ||     1
         Long sword        |       |    29 ||    29
   Cast: Magic Dart        |    99 |    87 ||   186
         Mephitic Cloud    |       |     4 ||     4
         Blink             |       |     1 ||     1
   Stab: Confused          |       |     1 ||     1
 Armour: Robe              |    13 |     6 ||    19
  Dodge: Dodged            |    44 |    37 ||    81

Table legend: (Time is in decaauts)
 A = Elapsed time spent in this place.
 B = Non-inter-level travel time spent in this place.
 C = Inter-level travel time spent in this place.
 D = Time resting spent in this place.
 E = Time spent auto-exploring this place.
 F = Levels seen in this place.
 G = Mean time per level.
                   A        B        C        D        E       F      G
               +--------+--------+--------+--------+--------+-----+--------+
         Total |   3381 |   3287 |     94 |      0 |   2800 |   4 |  845.2 |
       Dungeon |   3381 |   3287 |     94 |      0 |   2800 |   4 |  845.2 |
               +--------+--------+--------+--------+--------+-----+--------+

Top non-repeatable levels by time:
     D:1: 1183 daAuts
     D:3: 881 daAuts
     D:2: 818 daAuts
     D:4: 498 daAuts
